 Dungeon Crawl Stone Soup version 0.31-a0-426-g3a05650e59 (webtiles) character file.

Game seed: 9837815400884657477

74 hashsling the Trooper (level 4, 0/29 HPs)
             Began as a Gargoyle Berserker on July 30, 2023.
             Was a Follower of Trog.
             Slain by a river rat (1 damage)
             ... on level 4 of the Dungeon.
             The game lasted 00:02:32 (934 turns).

hashsling the Trooper (Gargoyle Berserker)           Turns: 934, Time: 00:02:32

Health: 0/29       AC:  9    Str: 23    XL:     4   Next: 28%
Magic:  4/4        EV: 11    Int:  7    God:    Trog [*.....]
Gold:   27         SH:  0    Dex:  9    Spells: 3/3 levels left

rFire   . . .        a - +0 mace
rCold   . . .        (no shield)
rNeg    + . .        e - +0 ring mail
rPois   ∞            (no helmet)
rElec   +            (no cloak)
rCorr   .            (no gloves)
SInv    .            (no boots)
Will    .....        (no amulet) Stlth
                     (no ring)
HPRegen 0.24/turn    (no ring)
MPRegen 0.09/turn

%: no passive effects
@: very slow
A: sickness immunity, AC +3, negative energy resistance 1, electricity
resistance, torment resistance 1, petrification resistance
a: Renounce Religion, Berserk


You were on level 4 of the Dungeon.
You worshipped Trog.
Trog was aware of your devotion.
You visited 1 branch of the dungeon, and saw 3 of its levels.

You collected 27 gold pieces.

Inventory:

Hand Weapons
 a - a +0 mace (weapon)
 m - a +0 flail
Armour
 b - a +0 animal skin
 e - a +0 ring mail (worn)
Jewellery
 i - a ring of protection from cold
Scrolls
 c - a scroll of enchant armour {unknown}
 d - a scroll of acquirement {unknown}
 g - a scroll of butterflies {unknown}
 h - 3 scrolls of identify {unknown}
 l - a scroll of vulnerability {unknown}
 n - a scroll of brand weapon {unknown}
Potions
 f - a potion of lignification {unknown}
 j - a potion of heal wounds {unknown}
 k - a potion of mutation {unknown}
 o - a potion of resistance {unknown}


   Skills:
 * Level 4.2 Fighting
 * Level 4.0 Maces & Flails
 + Level 2.3 Armour
 - Level 2.0 Dodging


You had 3 spell levels left.
You didn't know any spells.
Your spell library contained the following spells:

 Spells                   Type           Power      Damage    Failure   Level
 Call Canine Familiar     Summ           0%         N/A       91%         3
 Portal Projectile        Hex/Tloc       0%         N/A       91%         3
 Leda's Liquefaction      Hex/Erth       0%         N/A       100%        4


Dungeon Overview and Level Annotations

Branches:
Dungeon (2/15)

Altars:
Yredelemnul


Innate Abilities, Weirdness & Mutations

You are immune to sickness and miasma.
Your stone body is resilient. (AC +3)
You are immune to poison.
You resist negative energy. (rN+)
You are resistant to electric shocks. (rElec)
You are resistant to unholy torment.
You are immune to petrification.


Message History

The river rat barely misses you. The river rat bites you.
Your unstable footing causes you to fumble your attack.
The river rat bites you but does no damage.
Your unstable footing causes you to fumble your attack.
The river rat bites you.
Your unstable footing causes you to fumble your attack.
The river rat bites you but does no damage.
You hit the river rat but do no damage. The river rat completely misses you.
Your unstable footing causes you to fumble your attack.
The river rat closely misses you. The river rat bites you.
Your unstable footing causes you to fumble your attack.
The river rat bites you but does no damage.
You sock the river rat!
The river rat is almost dead.
The river rat bites you.
Your unstable footing causes you to fumble your attack.
The river rat bites you but does no damage.
You hit the river rat.
You kill the river rat!
Trog accepts your kill.
Your Maces & Flails skill increases to level 4!
You hit the river rat but do no damage.
You punch the river rat, but do no damage.
The river rat bites you.
The river rat bites you but does no damage.
You hit the river rat but do no damage. The river rat barely misses you.
You completely miss the river rat. The river rat barely misses you.
Your unstable footing causes you to fumble your attack.
The river rat barely misses you.
Your unstable footing causes you to fumble your attack.
The river rat misses you.
Your unstable footing causes you to fumble your attack.
The river rat bites you.
* * * LOW HITPOINT WARNING * * *
The river rat bites you!
* * * LOW HITPOINT WARNING * * *
Your unstable footing causes you to fumble your attack.
You hear the slow rusting of a drain.
The river rat bites you.
You die...

... #...##.........
......##..#.......#.
#.P.P.#...........#
..._....#.........#
..P.P.#.#...........
......##............
..###............##.
#########.###..#
##@r~~~.~##.# #.#
#~#######~#.# .###
#.# #.###.... #~#
#.......# #.#
#.......# #.#
#.......# #~#
##.).....#
#~########.........
##~~~~~.†~#........


You could see a river rat.

Vanquished Creatures
  A hound (D:4)
  An adder (D:4)
  A river rat (D:4)
  An orc (D:4)
  2 bats
  An endoplasm (D:1)
  3 goblins (D:1)
  4 jackals
  4 kobolds
  A quokka (D:4)
  2 frilled lizards (D:1)
  5 rats
26 creatures vanquished.

Notes
Turn   | Place    | Note
-------+----------+-------------------------------------------
     0 | D:1      | hashsling the Gargoyle Berserker began the quest for the
                  | Orb.
     0 | D:1      | Reached XP level 1. HP: 14/14 MP: 1/1
   264 | D:1      | Reached XP level 2. HP: 19/19 MP: 2/2
   812 | D:2      | You fall into a shaft and drop 2 floors!
   835 | D:4      | Found a basalt altar of Yredelemnul.
   858 | D:4      | Reached XP level 3. HP: 7/24 MP: 3/3
   900 | D:4      | Reached XP level 4. HP: 14/29 MP: 4/4
   933 | D:4      | HP: 1/29 [river rat (7)]
   934 | D:4      | Slain by a river rat

Illustrated notes

Levels and vault maps discovered:
D:1:      beargit_arrival_diablo_church, layout_basic
D:2:      layout_loops_cross, basic_altar, shapermc_ecumenical_altar_gd
D:4:      layout_cave_pools, lemuel_round_altar, yredelemnul_altar_generic,
          gup_sewer_entry_spiral, uniq_natasha

Skill      XL: |  1  2  3  4 |
---------------+-------------+-----
Fighting       | 4 |  4.2
Dodging        | 2 |  2.0
Maces & Flails | 4 |  4.0
Armour         | |  2.3

Action                     |  1- 3 |  4- 6 || total
---------------------------+-------+-------++-------
  Melee: Mace              |    69 |    20 ||    89
         Punch             |       |     1 ||     1
 Invoke: Berserk           |     1 |       ||     1
 Armour: Ring mail         |    61 |     6 ||    67
         Animal skin       |     1 |       ||     1
  Dodge: Dodged            |    70 |     8 ||    78

Table legend: (Time is in decaauts)
 A = Elapsed time spent in this place.
 B = Non-inter-level travel time spent in this place.
 C = Inter-level travel time spent in this place.
 D = Time resting spent in this place.
 E = Time spent auto-exploring this place.
 F = Levels seen in this place.
 G = Mean time per level.
                   A        B        C        D        E       F      G
               +--------+--------+--------+--------+--------+-----+--------+
         Total |    971 |    949 |     22 |      0 |    670 |   3 |  323.7 |
       Dungeon |    971 |    949 |     22 |      0 |    670 |   3 |  323.7 |
               +--------+--------+--------+--------+--------+-----+--------+

Top non-repeatable levels by time:
     D:1: 772 daAuts
     D:4: 150 daAuts
     D:2: 48 daAuts
